 Dungeon Crawl Stone Soup version 0.31-a0-542-gdc2a67831c (webtiles) character file.

Game seed: 1428290035076989008

93 bmack86 the Shield-Bearer (level 4, -10/39 HPs)
             Began as a Minotaur Fighter on Aug 14, 2023.
             Killed by divine providence
             ... invoked by an orc priest
              (11 damage)
             ... on level 3 of the Dungeon.
             The game lasted 00:05:08 (2117 turns).

bmack86 the Shield-Bearer (Minotaur Fighter)        Turns: 2117, Time: 00:05:09

Health: -10/39     AC:  6    Str: 23    XL:     4   Next: 36%
Magic:  3/3        EV:  9    Int:  5    God:
Gold:   60         SH:  4    Dex:  9    Spells: 3/3 levels left

rFire   . . .        a - +0 war axe
rCold   . . .        c - +0 buckler
rNeg    . . .        b - +0 scale mail
rPois   .            (helmet restricted)
rElec   .            (no cloak)
rCorr   .            (no gloves)
SInv    .            (no boots)
Will    .....        (no amulet) Stlth
                     (no ring)
HPRegen 0.26/turn    (no ring)
MPRegen 0.08/turn

%: no passive effects
@: no status effects
A: horns 2, retaliatory headbutt
a: no special abilities


You were on level 3 of the Dungeon.
You visited 1 branch of the dungeon, and saw 3 of its levels.

You collected 60 gold pieces.

Inventory:

Hand Weapons
 a - a +0 war axe (weapon)
Armour
 b - a +0 scale mail (worn)
 c - a +0 buckler (worn)
Scrolls
 g - 2 scrolls of fog {unknown}
 h - a scroll of immolation {unknown}
 k - a scroll of fear {unknown}
 l - a scroll of brand weapon {unknown}
Potions
 d - a potion of might
 e - a potion of invisibility {unknown}
 f - a potion of cancellation {unknown}
 i - 2 potions of mutation {unknown}
 j - a potion of heal wounds {unknown}


   Skills:
 - Level 3.6 Fighting
 + Level 4.5 Axes
 - Level 3.6 Armour
 - Level 5.0 Shields


You had 3 spell levels left.
You didn't know any spells.
Your spell library was empty.

Dungeon Overview and Level Annotations

Branches:
Dungeon (3/15)

Altars:


Innate Abilities, Weirdness & Mutations

You have a pair of horns on your head.
You reflexively headbutt those who attack you in melee.


Message History

Items here: )) †††.
Okay, then.
An orc comes into view. It is wielding a +0 club.
The orc shouts!
An orc comes into view. It is wielding a +0 flail.
The orc shouts!
The orc priest mumbles some strange prayers to Beogh against you.
Beogh smites you!
* * * LOW HITPOINT WARNING * * *
An orc comes into view. It is wielding a +0 dagger.
You hit the orc priest. Your headbutt misses the orc priest.
The orc priest is lightly wounded.
The orc priest hits you but does no damage.
You hit the orc priest but do no damage.
Your headbutt misses the orc priest.
The orc priest is lightly wounded.
The orc priest barely misses you.
You hit the orc. Your headbutt misses the orc.
The orc is moderately wounded.
The orc closely misses you. You furiously retaliate!
You headbutt the orc. You hit the orc.
You kill the orc!
You slash the orc priest! The orc priest hits you with a +0 whip.
* * * LOW HITPOINT WARNING * * *
You closely miss the orc. You barely miss the orc priest.
The orc priest hits you with a +0 whip.
* * * LOW HITPOINT WARNING * * *
You block the orc's attack.
You hit the orc but do no damage. You barely miss the orc priest.
The orc hits you with a +0 flail!
* * * LOW HITPOINT WARNING * * *
The orc priest closely misses you. The orc closely misses you.
You block the orc priest's attack. The orc hits you but does no damage.
Unknown command.
You closely miss the orc priest.
The orc priest is heavily wounded.
You barely miss the orc. You hit the orc. The orc closely misses you.
The orc priest calls down the wrath of Beogh upon you.
Beogh smites you!
You die...

.# #. ♣ .. ♣≈. .#
♣≈.≈♣♣♣♣♣♣ .#
≈⌠.⌠≈≈o..♣####.#
......o@..).#..#
≈⌠.⌠≈≈o..♣#)..#
♣≈.≈♣♣♣♣♣♣###.# ♣≈. #.#
♣ #.# #.# ######### #.#
........# #.#
#######.##############.#


You could see an orc priest and 2 orcs.

Vanquished Creatures
  An orc priest (D:3)
  An adder (D:2)
  4 orcs (D:3)
  3 ball pythons
  6 endoplasms
  3 giant cockroaches (D:1)
  5 goblins
  6 hobgoblins
  4 kobolds (D:2)
  A quokka (D:2)
  7 bats
  2 frilled lizards (D:1)
  6 rats
49 creatures vanquished.

Notes
Turn   | Place    | Note
-------+----------+-------------------------------------------
     0 | D:1      | bmack86 the Minotaur Fighter began the quest for the Orb.
     0 | D:1      | Reached XP level 1. HP: 19/19 MP: 0/0
   204 | D:1      | Reached skill level 4 in Shields
   227 | D:1      | Reached XP level 2. HP: 26/26 MP: 1/1
   916 | D:2      | Reached XP level 3. HP: 29/31 MP: 2/2
  1416 | D:2      | Reached skill level 5 in Shields
  1418 | D:2      | Found a faded altar of an unknown god.
  2106 | D:3      | Reached XP level 4. HP: 19/39 MP: 3/3
  2116 | D:3      | HP: 1/39 [orc/+0 flail (7)]
  2117 | D:3      | Killed from afar by an orc priest

Illustrated notes

Levels and vault maps discovered:
D:1:      saegor_arrival_simple_a, layout_basic, roderic_lattice_a
D:2:      layout_basic, ebering_ecumenical_altar_petrified
D:3:      layout_loops_ring, nicolae_overflow_ecumenical_swirl,
          mainiacjoe_overflow_two_lobes, kennysheep_minor_cross,
          nicolae_elevator_lobby_asterisk

Skill      XL: |  1  2  3 |
---------------+----------+-----
Shields        | 4 5 |  5.0
Axes           | 3 4 |  4.5
Fighting       | |  3.6
Armour         | |  3.6

Action                     |  1- 3 |  4- 6 || total
---------------------------+-------+-------++-------
  Melee: War axe           |    75 |     8 ||    83
         Headbutt          |    11 |       ||    11
 Armour: Scale mail        |    34 |     2 ||    36
  Dodge: Dodged            |    34 |     5 ||    39
  Block: Buckler           |    12 |     2 ||    14

Table legend: (Time is in decaauts)
 A = Elapsed time spent in this place.
 B = Non-inter-level travel time spent in this place.
 C = Inter-level travel time spent in this place.
 D = Time resting spent in this place.
 E = Time spent auto-exploring this place.
 F = Levels seen in this place.
 G = Mean time per level.
                   A        B        C        D        E       F      G
               +--------+--------+--------+--------+--------+-----+--------+
         Total |   2146 |   2083 |     63 |      0 |   1488 |   3 |  715.3 |
       Dungeon |   2146 |   2083 |     63 |      0 |   1488 |   3 |  715.3 |
               +--------+--------+--------+--------+--------+-----+--------+

Top non-repeatable levels by time:
     D:2: 1129 daAuts
     D:1: 802 daAuts
     D:3: 214 daAuts
